 Dungeon Crawl Stone Soup version 0.23.1 (webtiles) character file.

Game seed: 0

2135 Lusmu the Covert (level 9, 0/40 HPs)
             Began as a Felid Necromancer on Mar 13, 2019.
             Was a High Priest of Yredelemnul.
             Succumbed to barbed spike wounds
             ... on level 8 of the Dungeon on Mar 14, 2019.
             The game lasted 01:14:42 (17482 turns).

Lusmu the Covert (Felid Necromancer)               Turns: 17482, Time: 01:14:42

Health: 0/40       AC:  4    Str:  6    XL:     9   Next: 9%
Magic:  11/15      EV: 24    Int: 18    God:    Yredelemnul [*****.]
Gold:   598        SH:  0    Dex: 17    Spells: 6/15 levels left
                                        Lives:  0   Deaths: 3

rFire    . . .     SeeInvis +     - Unarmed
rCold    . . .     Gourm    .   (shield unavailable)
rNeg     . . .     Faith    +   (armour unavailable)
rPois    +         Spirit   .   (helmet unavailable)
rElec    .         Reflect  .   (cloak unavailable)
rCorr    .         Harm     .   (gloves unavailable)
MR       +....                  (boots unavailable)
Stlth    +++++.....             r - amulet of faith
HPRegen  0.13/turn              k - +2 ring of protection
MPRegen  0.14/turn              n - ring of poison resistance

@: barbed spikes, quick
A: very small, no armour, no weapons or thrown items, stealth, claws 1, fangs 3,
see invisible, carnivore, speed 1, shaggy fur 2, slow metabolism 1, sharp paws
a: Recall Undead Slaves, Injury Mirror, Animate Dead, Drain Life, Enslave Soul,
Renounce Religion


You were on level 8 of the Dungeon.
You worshipped Yredelemnul.
Yredelemnul was extremely pleased with you.
You were not hungry.

You visited 2 branches of the dungeon, and saw 9 of its levels.
You also visited: Sewer.

You collected 598 gold pieces.

Inventory:

Jewellery
 k - a +2 ring of protection (left paw)
 n - a ring of poison resistance (right paw)
 r - an amulet of faith (around neck)
 s - an uncursed ring of wizardry
Wands
 d - a wand of clouds (1)
Scrolls
 a - 3 scrolls of fog
 f - 3 scrolls of teleportation
 g - 2 scrolls of fear
 h - a scroll of immolation {unknown}
 i - 4 scrolls of remove curse
 j - a scroll of blinking
 m - a scroll of magic mapping
 o - a scroll of random uselessness {unknown}
 x - a scroll of summoning
Potions
 c - 2 potions of resistance
 e - a potion of haste
 l - a potion of lignification
 p - 2 potions of flight
 t - a potion of invisibility {unknown}
 v - a potion of cancellation {unknown}
 w - a potion of curing {unknown}
Comestibles
 b - 19 rations


   Skills:
 - Level 5.1 Fighting
 + Level 8.8 Dodging
 + Level 8.9 Stealth
 + Level 6.2 Unarmed Combat
 + Level 3.9 Spellcasting
 + Level 8.0 Necromancy
 - Level 3.0 Invocations
 - Level 3.0 Evocations


You had 6 spell levels left.
You knew the following spells:

 Your Spells              Type           Power        Failure   Level  Hunger
a - Pain                  Necr           ####         1%          1    None
b - Animate Skeleton      Necr           N/A          1%          1    None
c - Animate Dead          Necr           N/A          5%          4    ####...
d - Vampiric Draining     Necr           ####......   1%          3    ###....

Your spell library contained the following spells:

 Spells                   Type           Power        Failure   Level  Hunger
 Regeneration             Chrm/Necr      ###.......   9%          3    ###....
 Magic Dart               Conj           #...         16%         1    None
 Blink                    Tloc           N/A          22%         2    ##.....
 Call Imp                 Summ           #.......     22%         2    ##.....
 Slow                     Hex            #.......     22%         2    ##.....
 Conjure Flame            Conj/Fire      #.......     41%         3    ###....
 Mephitic Cloud           Conj/Pois/Air  #.......     41%         3    ###....


Dungeon Overview and Level Annotations

Branches:
Dungeon (8/15)             Temple (1/1) D:6            Lair (0/6) D:8

Altars:
Ashenzari
Cheibriados
Dithmenos
Elyvilon
Fedhas
Gozag
Hepliaklqana
Kikubaaqudgha
Makhleb
Nemelex Xobeh
Okawaru
Ru
Sif Muna
Trog
Uskayaw
Vehumet
Wu Jian
Xom
Yredelemnul
Zin
The Shining One
Lugonu

Shops:
D:7 [   D:8 :

Annotations:
D:5 2 transporters, grerr's ghost, novice DECj


Innate Abilities, Weirdness & Mutations

You cannot wear armour.
You are incapable of wielding weapons or throwing items.
Your paws allow you to move quietly. (Stealth)
You have sharp claws.
You have razor-sharp teeth.
You have supernaturally acute eyesight. (SInv)
You are carnivorous and can eat meat at any time.
You cover ground quickly.
You are covered in thick fur. (AC +2)
You have a slow metabolism.
Your sharp claws are effective at attacking unaware monsters.


Message History

Casting: Pain (safe; 1% risk of failure)
Confirm with . or Enter, or press ? or * to list all spells.
Aiming: Pain (safe; 1% risk of failure)
Press: ? - help, Shift-Dir - straight line, f/p - manticore
Aim: a manticore (lightly wounded, chance to defeat MR: 71%)
The manticore struggles to resist.
Lusmu claws the manticore but does no damage.
Casting: Pain (safe; 1% risk of failure)
Confirm with . or Enter, or press ? or * to list all spells.
Aiming: Vampiric Draining (safe; 1% risk of failure)
Press: ? - help, Shift-Dir - straight line, f/p - manticore
Aim: a manticore (lightly wounded)
The manticore is lightly wounded.
You feel life coursing into your body. The manticore bites you!!
* * * LOW HITPOINT WARNING * * *
The manticore completely misses you.
The manticore claws you but does no damage.
The barbed spikes dig painfully into your body as you move.
You die...
Your body rises from the dead as a mindless zombie.

.......###..#.....#
...............#..#
....#.#........#..#
.....####.........#
......###.##.....=## ######
...(...#...........# #....##
....#........#...### #.....#
....###.......H....#####...##
....####.....Z##@.....##...#
....##....#...>#..........##
.....#...##..##......)...###
...###..###..#......#......#
.....#..# #.........#.....##
...###..# ##...######..#.##
...#.##.###...##...#####..#
.###..##.##...#....'.#.#..##
.# #...##..####'####..##...##


You could see a manticore.

Vanquished Creatures
  An unseen horror (D:8)
  A hippogriff (D:6)
  A wyvern (D:8)
  An orc warrior (D:6)
  A black bear (D:8)
  3 sky beasts
  An ice beast (D:6)
  A phantom (D:6)
  3 ogres
  4 centaurs
  4 bullfrogs
  2 killer bees
  A howler monkey (D:6)
  2 crimson imps (D:8)
  4 hounds
  An orc priest (D:3)
  A bullfrog skeleton (D:6)
  3 iguanas
  Natasha (twice) (D:4)
  2 orc wizards
  5 worker ants
  8 adders
  A gnoll (D:8)
  5 oozes
  An adder zombie (D:5)
  6 worms
  3 dart slugs
  10 leopard geckos
  17 orcs
  8 giant cockroaches
  5 goblins
  4 hobgoblins
  12 jackals
  10 kobolds
  2 quokkas
  3 ball pythons
  8 bats
  6 frilled lizards
  An orc skeleton (D:3)
  12 rats
166 creatures vanquished.

Vanquished Creatures (collateral kills)
  A centaur warrior (D:8)
  A gargoyle (D:8)
  A komodo dragon (D:8)
  A wraith (D:8)
  A hungry ghost (D:8)
  An orc warrior (D:8)
  3 phantoms
  A sky beast (D:7)
  An ogre (D:7)
  2 ice beasts
  An eye of draining (D:8)
  A centaur (D:8)
  2 big kobolds
  4 bullfrogs
  A water moccasin zombie (D:7)
  8 killer bees
  A wight (D:8)
  A crimson imp (D:7)
  2 hounds
  A centaur zombie (D:7)
  An orc priest (D:7)
  A bullfrog skeleton (D:8)
  A gnoll shaman (D:8)
  A jelly (D:6)
  A worker ant (D:7)
  A hound skeleton (D:8)
  A worker ant zombie (D:7)
  4 gnolls (D:8)
  An adder (D:8)
  An ooze (D:2)
  An adder zombie (D:7)
  A worm (Sewer)
  A dart slug (D:2)
  2 leopard geckos (Sewer)
  10 orcs
  A giant cockroach (Sewer)
  A goblin (D:1)
  A hobgoblin (D:2)
  8 jackals
  2 quokkas (D:8)
  4 bats (Sewer)
  6 kobolds
  A rat (D:2)
  2 plants (D:8)
89 creatures vanquished.

Vanquished Creatures (others)
  7 flying skulls (D:8)
  A wight (D:8)
  A centaur zombie (D:5)
  3 bullfrog zombies
  4 killer bee zombies
  A mummy (D:8)
  A howler monkey zombie (D:6)
  A worker ant zombie (D:4)
  3 bat zombies
  A ball python zombie (Sewer)
  A dart slug zombie (D:3)
  2 frilled lizard zombies (Sewer)
  A gnoll zombie (D:8)
  A goblin zombie (D:3)
  A jackal skeleton (D:6)
  2 jackal zombies
  A leopard gecko zombie (D:3)
  5 orc skeletons
  5 orc zombies
  A quokka skeleton (D:8)
  2 plants (D:8)
45 creatures vanquished.

Grand Total: 300 creatures vanquished

Notes
Turn   | Place    | Note
-------+----------+-------------------------------------------
     0 | D:1      | Lusmu the Felid Necromancer began the quest for the Orb.
     0 | D:1      | Reached XP level 1. HP: 7/7 MP: 4/4
   221 | D:1      | Learned a level 1 spell: Animate Skeleton
   308 | D:1      | Reached XP level 2. HP: 10/12 MP: 6/6
  1269 | D:2      | Found a white marble altar of Elyvilon.
  1455 | D:2      | Found a basalt altar of Yredelemnul.
  1458 | D:2      | Became a worshipper of Yredelemnul the Dark
  1501 | D:2      | Reached skill level 1 in Fighting
  1501 | D:2      | Reached XP level 3. HP: 9/15 MP: 7/7
  3006 | D:2      | Reached XP level 4. HP: 15/19 MP: 3/8
  3184 | D:2      | Found a shattered altar of Ashenzari.
  4460 | D:3      | Reached * piety under Yredelemnul
  4883 | D:3      | Found a white marble altar of Elyvilon.
  4883 | D:3      | Found a glowing golden altar of the Shining One.
  4884 | D:3      | Found a glowing silver altar of Zin.
  4886 | D:3      | Reached skill level 5 in Stealth
  4886 | D:3      | Reached skill level 5 in Necromancy
  5256 | D:3      | Reached XP level 5. HP: 11/22 MP: 9/9
  5914 | D:4      | Noticed a phantom
  6213 | D:4      | Noticed an ogre
  6276 | D:3      | Killed an ogre
  6276 | D:3      | Gained mutation: You are covered in thick fur. (AC +2)
                  | [Felid growth]
  6276 | D:3      | Reached XP level 6. HP: 16/27 MP: 2/10
  6960 | D:4      | Noticed Natasha
  6966 | D:4      | Found a deep blue altar of Sif Muna.
  6972 | D:4      | Killed Natasha
  7559 | D:4      | Noticed Natasha
  7610 | D:5      | Entered Level 5 of the Dungeon
  7675 | D:5      | Found a glowing drain.
  7797 | Sewer    | Entered a sewer
  9067 | Sewer    | Reached ** piety under Yredelemnul
  9150 | D:5      | Found a transporter.
  9153 | D:5      | Noticed grerr's ghost (novice DECj)
  9153 | D:5      | Noticed a sky beast
  9168 | D:5      | Found a transporter.
  9302 | D:5      | Mangled by an ogre
  9303 | D:5      | Reached XP level 5. HP: -6/24 MP: 6/9
  9320 | D:5      | Killed an ogre
  9320 | D:5      | Reached XP level 6. HP: 28/28 MP: 8/10
  9847 | D:5      | Found an opulent altar of Gozag.
  9847 | D:5      | Found an ancient bone altar of Kikubaaqudgha.
  9863 | D:5      | Reached XP level 7. HP: 21/31 MP: 11/11
 10255 | D:5      | Found a sacrificial altar of Ru.
 10463 | D:4      | Killed Natasha
 10774 | D:6      | Found a staircase to the Ecumenical Temple.
 11108 | D:6      | Noticed a troll
 11457 | D:5      | Learned a level 4 spell: Animate Dead
 11703 | D:5      | Learned a level 3 spell: Vampiric Draining
 11745 | D:6      | Found a shadowy altar of Dithmenos.
 11754 | D:6      | Slain by a centaur
 11755 | D:6      | Reached XP level 6. HP: -1/28 MP: 9/10
 12115 | D:6      | Reached skill level 1 in Unarmed Combat
 12135 | D:6      | Reached XP level 7. HP: 11/33 MP: 1/11
 12433 | Temple   | Entered the Ecumenical Temple
 12683 | D:6      | Reached skill level 5 in Fighting
 12864 | D:6      | Reached skill level 5 in Dodging
 13355 | D:6      | Reached XP level 8. HP: 33/37 MP: 12/12
 13384 | D:6      | Reached *** piety under Yredelemnul
 13457 | D:7      | Found a radiant altar of Vehumet.
 13457 | D:7      | Noticed a hippogriff
 13517 | D:6      | Killed a hippogriff
 13517 | D:6      | Reached skill level 1 in Invocations
 15224 | D:6      | Received a gift from Yredelemnul (4 flying skulls)
 15422 | D:7      | Reached skill level 5 in Unarmed Combat
 15427 | D:7      | Reached skill level 1 in Evocations
 15447 | D:7      | Reached XP level 9. HP: 39/40 MP: 8/13
 15471 | D:7      | Reached **** piety under Yredelemnul
 15535 | D:7      | Found Faeryphupih's Antique Armour Shop.
 15741 | D:7      | Found a shimmering altar of Xom.
 15745 | D:7      | Found a hazy altar of Hepliaklqana.
 15746 | D:7      | Noticed a spectral ugly thing
 15881 | D:8      | Received a gift from Yredelemnul (a mummy)
 16135 | D:8      | Found a staircase to the Lair.
 16136 | D:8      | Noticed a komodo dragon
 16161 | D:8      | Killed a komodo dragon
 16221 | D:8      | Found a bloodstained altar of Trog.
 16221 | D:8      | Found an iron altar of Okawaru.
 16256 | D:8      | Found Xieng's Book Boutique.
 16600 | D:8      | Received a gift from Yredelemnul (3 flying skulls)
 16602 | D:8      | Reached ***** piety under Yredelemnul
 16856 | D:8      | Noticed a gargoyle
 16856 | D:8      | Noticed a centaur warrior
 16857 | D:8      | Noticed a manticore
 16857 | D:8      | Noticed an unseen horror
 16864 | D:8      | Killed a gargoyle
 16884 | D:8      | Killed a centaur warrior
 16884 | D:8      | Reached XP level 10. HP: 44/44 MP: 16/16
 16900 | D:8      | Killed an unseen horror
 16900 | D:8      | Received a gift from Yredelemnul (a wight)
 17209 | D:8      | Killed from afar by a manticore
 17210 | D:8      | Reached XP level 9. HP: -3/40 MP: 15/15
 17482 | D:8      | Succumbed to barbed spike wounds

Skill      XL: |  1  2  3  4  5  6  7  8  9 10 |
---------------+-------------------------------+-----
Stealth        | 3 4 5 7 8 |  8.9
Fighting       | 1 2 3 5 |  5.1
Necromancy     | 5 6 7 8 |  8.0
Dodging        | 3 5 7 8 |  8.8
Unarmed Combat | 1 3 5 6 |  6.2
Invocations    | 3 |  3.0
Evocations     | 1 3 |  3.0
Spellcasting   | 3 |  3.9

Action                   |  1- 3 |  4- 6 |  7- 9 | 10-12 || total
-------------------------+-------+-------+-------+-------++-------
Melee: Unarmed           |    87 |   257 |   206 |     1 ||   551
       Bite              |     8 |    16 |    22 |       ||    46
       Punch             |       |       |     3 |       ||     3
 Cast: Pain              |    42 |   125 |    65 |     5 ||   237
       Animate Skeleton  |     9 |     4 |       |       ||    13
       Vampiric Draining |       |     3 |    15 |     4 ||    22
Invok: Animate Remains   |       |    18 |     8 |       ||    26
       Animate Dead      |       |       |    15 |       ||    15
       Recall Undead Sla |       |       |     1 |       ||     1
Evoke: Wand              |       |     3 |       |       ||     3
  Use: Scroll            |     4 |     8 |     6 |     1 ||    19
       Potion            |       |     7 |     1 |     1 ||     9
 Stab: Distracted        |     1 |       |     5 |       ||     6
       Sleeping          |     3 |    14 |     8 |       ||    25
  Eat: Chunk             |    10 |    17 |    18 |       ||    45
       Ration            |       |       |     3 |       ||     3
Armor: Skin              |       |    26 |    15 |     1 ||    42
Dodge: Dodged            |    73 |   306 |   285 |    19 ||   683
